Map: Ley Lines

Players

kakabuka

  • Race: Zerg Zerg
  • League: Diamond
  • Spawn Location: 1:00

llllllllllll - Winner!

  • Race: Zerg Zerg
  • League: Diamond
  • Spawn Location: 7:00

VOD

Have the link to the VOD?

Description

Time

  • Played on: April 25, 2025, 7:27 a.m.
  • Length: 3:25
Show
View Real Time Build Order
Export as new Build Order

kakabuka Zerg 

Build Orders: Hatch First 

Get SALT Encoding   

  12  0:00  Drone  
  13  0:08  Drone  
  14  0:15  Extractor  
  14  0:16  Drone  
  15  0:22  Overlord  
  15  0:40  Drone x2  
  17  0:52  Hatchery  
  16  1:06  Spawning Pool  
  16  1:08  Extractor  
  16  1:10  Drone  
  15  1:14  Drone  
  15  1:18  Drone  
  17  1:23  Drone  
  18  1:33  Drone  
  19  1:43  Overlord  
  19  1:52  Queen  
  21  1:54  Zergling x2  
  22  2:03  Queen  
  22  2:07  Drone  
  25  2:28  Drone  
  25  2:29  Drone  
  27  2:34  Baneling Nest  
  27  2:36  Zergling x6  
  29  2:40  Zergling x4  
  31  2:49  Zergling x2  
  32  2:55  Drone  
  33  3:02  Zergling x6  
Show
View Real Time Build Order
Export as new Build Order

llllllllllll Zerg - Winner!

Build Orders: Hatch First 

Get SALT Encoding   

  12  0:01  Drone  
  13  0:09  Drone  
  14  0:14  Extractor  
  14  0:15  Drone  
  15  0:36  Hatchery  
  15  0:38  Extractor  
  15  0:41  Drone  
  14  0:56  Spawning Pool  
  13  1:01  Drone  
  14  1:10  Overlord  
  14  1:42  Zergling x4  
  14  1:43  Zergling x2, Metabolic Boost  
  17  1:48  Queen  
  17  1:52  Zergling x2  
  20  1:56  Zergling x2  
  21  2:02  Zergling x2  
  22  2:08  Overlord  
  22  2:13  Zergling x2  
  23  2:16  Zergling x2  
  24  2:23  Zergling x2  
  25  2:30  Zergling x2  
  25  2:33  Zergling x2  
  27  2:38  Zergling x2  
  27  2:43  Zergling x2  
  29  2:50  Zergling x2  
  30  2:54  Zergling x2  
  30  2:58  Zergling x8  
Tags
 
Matchup
ZvZ
Race
Zerg
Replay Pack
kreditionep2
Spawn Locations
Cross Positions
Add a new tag
Caveats
  • Supply blocks, unpowered buildings, or Contaminate may cause inaccurate times.
  • Supply counts are checked every 10 seconds.